Map: Lerilak Crest

Players

Walnuts - Winner!

  • Race: Zerg Zerg
  • League: Bronze

Toons

  • Race: Terran Terran
  • League: Silver

VOD

Have the link to the VOD?

Description

Time

  • Played on: Aug. 4, 2015, 7:38 p.m.
  • Length: 12:29
Show
View Real Time Build Order
Export as new Build Order

Walnuts Zerg - Winner!

Build Orders: Hatch First 

Get SALT Encoding   

  12  0:01  Drone  
  13  0:12  Overlord  
  13  0:17  Drone  
  14  0:31  Drone x2  
  16  0:52  Drone  
  16  0:54  Hatchery  
  16  1:00  Drone x2  
  18  1:21  Drone  
  18  1:22  Drone  
  20  1:35  Spawning Pool  
  20  1:37  Extractor  
  20  1:39  Extractor  
  17  1:40  Drone x2  
  19  2:00  Drone  
  19  2:01  Drone  
  21  2:07  Hatchery  
  20  2:11  Drone x2  
  22  2:19  Drone  
  23  2:25  Queen  
  25  2:35  Queen  
  27  2:51  Drone  
  27  2:57  Overlord x3  
  26  3:11  Drone x2  
  28  3:37  Queen  
  28  3:39  Drone x3  
  28  3:40  Drone x3  
  36  3:47  Baneling Nest  
  35  3:53  Queen  
  37  4:06  Zergling x8  
  37  4:07  Zergling x2  
  37  4:09  Drone  
  43  4:21  Drone  
  43  4:22  Drone x3  
  43  4:23  Drone x2  
  49  4:28  Drone  
  49  4:29  Drone x2  
  52  4:52  Drone x6  
  58  4:54  Overlord x3  
  58  5:13  Drone x3  
  58  5:14  Drone x8  
  69  5:22  Extractor  
  69  5:23  Extractor  
  69  5:24  Drone x3  
  69  5:25  Drone x5  
  75  5:35  Lair  
  75  5:38  Zergling x2  
  75  5:39  Zergling x12  
  82  5:56  Overlord x3  
  82  6:14  Zergling x16  
  82  6:15  Zergling x4  
  92  6:24  Metabolic Boost  
  92  6:30  Zergling x16  
  99  6:45  Drone x2  
  101  6:49  Zergling x2  
  101  6:50  Zergling x8  
  106  6:58  Extractor  
  106  7:00  Zergling x2, Extractor  
  105  7:01  Overlord  
  105  7:02  Overlord x5  
  105  7:08  Baneling x12  
  98  7:09  Baneling x4  
  90  7:17  Zergling x4  
  70  7:33  Drone  
  70  7:34  Drone x11  
  78  7:40  Zergling x2  
  79  7:47  Queen  
  81  8:06  Zergling x2  
  81  8:07  Zergling x12  
  81  8:09  Overlord  
  88  8:25  Zergling x2  
  88  8:26  Zergling x18  
  98  8:31  Overlord  
  98  8:39  Centrifical Hooks  
  98  8:44  Zergling x2  
  98  8:45  Zergling x16  
  107  9:01  Spire  
  86  9:28  Zergling x16  
  86  9:29  Zergling x8  
  98  9:37  Queen  
  81  10:19  Zergling x16  
  81  10:20  Zergling x18  
  90  10:30  Overseer  
  89  11:00  Drone  
  89  11:01  Drone x8  
  98  11:21  Mutalisk x9  
  98  11:22  Mutalisk x4  
  124  11:28  Baneling  
  124  11:29  Baneling x15  
  124  11:30  Baneling x3  
  124  11:31  Baneling  
  124  11:34  Overlord  
  124  11:35  Overlord x2  
  124  11:50  Mutalisk x10  
  124  11:51  Mutalisk x5  
  124  11:52  Overlord  
Show
View Real Time Build Order
Export as new Build Order

Toons Terran 

Build Orders: MMM Bio 

Get SALT Encoding   

  12  0:00  SCV  
  13  0:13  SCV  
  14  0:19  Supply Depot  
  14  0:25  SCV  
  15  0:40  SCV  
  15  0:42  Barracks  
  16  0:52  SCV, Refinery  
  17  1:05  SCV  
  18  1:17  SCV  
  19  1:22  Refinery  
  19  1:29  SCV  
  19  1:32  Supply Depot  
  20  1:35  Reaper  
  21  1:41  SCV  
  21  1:46  Barracks  
  22  1:53  SCV  
  23  2:05  SCV  
  24  2:18  Marine  
  26  2:22  SCV  
  26  2:29  Supply Depot  
  26  2:36  SCV  
  27  2:42  Barracks Tech Lab  
  27  2:51  Barracks Reactor  
  27  2:54  SCV  
  28  2:59  Command Center  
  28  3:16  SCV, Marine  
  30  3:28  SCV  
  30  3:34  Marine  
  30  3:35  Marine x2  
  30  3:38  Stimpack  
  33  3:43  Barracks  
  33  3:48  Factory  
  33  3:57  Marine x2  
  33  3:58  Marauder  
  37  4:12  Supply Depot  
  37  4:14  Engineering Bay  
  37  4:17  Marine x2  
  37  4:21  Marauder  
  41  4:38  Bunker  
  41  4:40  Bunker  
  41  4:41  Orbital Command  
  41  4:42  Orbital Command  
  41  4:49  Marine x2  
  43  4:55  Terran Infantry Weapons Level 1  
  43  5:06  Marauder  
  45  5:07  Marine  
  45  5:11  Supply Depot  
  46  5:23  Starport  
  46  5:24  Factory Reactor  
  46  5:29  Barracks Tech Lab  
  46  5:30  Barracks  
  46  5:32  SCV x2  
  48  5:38  Combat Shields  
  48  5:56  Marine  
  48  5:57  Marine  
  49  5:58  Marauder  
  52  6:08  Starport Reactor  
  52  6:15  Factory Reactor  
  52  6:17  Refinery  
  52  6:18  SCV x2  
  53  6:21  Marine  
  53  6:22  Marauder, Marine  
  53  6:23  Marauder  
  53  6:24  Barracks Reactor  
  60  6:37  Missile Turret  
  60  6:42  Missile Turret  
  60  6:44  Refinery  
  60  6:47  Marine  
  60  6:48  Marine  
  60  6:49  Marauder x2  
  60  6:52  Medivac x2  
  70  7:01  Supply Depot  
  70  7:04  Supply Depot  
  70  7:07  Supply Depot  
  70  7:22  Marine x2, Widow Mine  
  70  7:23  SCV x2, Marauder  
  70  7:25  Widow Mine  
  62  7:40  Terran Infantry Armor Level 1  
  62  7:41  SCV x2  
  64  7:46  Marine x2  
  64  7:48  Marine  
  64  7:49  Marauder, Marine  
  64  7:50  Marauder  
  64  7:51  Medivac x2  
  76  8:02  Command Center  
  76  8:27  Marine x4  
  76  8:28  Marauder, Marine  
  76  8:29  Widow Mine x2  
  87  8:34  Medivac  
  87  8:35  Medivac  
  87  8:40  SCV  
  92  8:44  Marine  
  92  8:48  Supply Depot  
  93  8:51  Supply Depot  
  93  8:53  Supply Depot  
  93  9:10  Supply Depot  
  87  9:30  Liberator x2  
  87  9:31  Marine x5  
  88  9:32  Marauder  
  94  9:48  Widow Mine x2  
  94  9:49  Marine  
  94  9:50  Marauder  
  95  10:03  SCV x2  
  92  10:15  SCV x2  
  92  10:17  Marine x4  
  93  10:27  SCV x2  
  95  10:32  Marine x2  
  95  10:34  Marine  
  98  10:39  SCV  
  98  10:40  SCV  
  100  10:50  Marauder x2  
  102  11:00  Barracks  
  102  11:02  Barracks  
  100  11:07  Barracks  
  100  11:24  Marine x3  
  100  11:25  Marine  
  104  11:27  Marauder x2  
  104  11:28  Widow Mine x2  
  104  11:29  Medivac x2  
  116  11:46  Armory, Marine x3  
  119  11:48  Marauder  
  119  11:49  Barracks  
  121  11:56  SCV  
  122  12:08  Missile Turret  
  122  12:09  Missile Turret  
Tags
 
Composition
MMM Bio
Matchup
TvZ
Replay Pack
nubstuff
Add a new tag
Caveats
  • Supply blocks, unpowered buildings, or Contaminate may cause inaccurate times.
  • Supply counts are checked every 10 seconds.